AoeStats
← UMIT BESEN

Arabia

510388353Analyzed
1v1 RM · 16h ago on Sep 30, 2026· 46m 31s· 2 players
Game mode
Random Map
Map size
Tiny (2 player)
Population
200
Speed
Normal
Resources
Standard
Victory
Conquest
Starting age
Dark Age
Ending age
Imperial Age
RankedLock teamsTeams togetherTeam positionsShared explorationLock speedFull tech treeHidden civsTurbo modeCheats
Victory
Defeat
🇺🇸 Bulgarians · United States
1323
+14
🇹🇷 Goths · Türkiye
1290
-14
UMIT BESEN
0:45 Loom
11:32 Feudal Age
11:35 Man-at-Arms
12:05 Double-Bit Axe
20:54 Castle Age
19:54 Scale Mail Armor
19:38 Horse Collar
20:56 Long Swordsman
25:35 Wheelbarrow
25:59 Forging
27:00 Squires
26:46 Pikeman
28:11 Chain Mail Armor
30:23 Iron Casting
31:02 Bow Saw
30:54 Heavy Plow
31:35 Gold Mining
32:25 Hand Cart
31:57 Town Watch
39:42 Imperial Age
38:31 Stone Mining
39:48 Two-Handed Swordsman
41:03 Champion
42:17 Conscription
43:46 Blast Furnace
46:47 Two-Man Saw
TheGardener
9:01 Loom
10:47 Feudal Age
17:08 Castle Age
15:44 Double-Bit Axe
18:41 Scale Mail Armor
19:52 Squires
20:33 Horse Collar
23:32 Town Watch
24:24 Wheelbarrow
24:07 Arson
24:39 Chain Mail Armor
26:48 Forging
27:25 Heavy Plow
30:27 Arson
30:29 Gambesons
31:33 Iron Casting
31:22 Bow Saw
35:13 Hand Cart
37:35 Imperial Age
37:38 Masonry
37:23 Fletching
38:25 Bagains
39:22 Plate Mail Armor
39:53 Blast Furnace
46:48 Scale Barding Armor
46:39 Bodkin Arrow
46:45 Padded Archer Armor
47:20 Architecture
47:11 Ballistics
47:53 Chemistry
Connection lost

Rejoining the realm…

Still unreachable

The connection could not be restored.

Session expired

The server has moved on; the page needs a fresh start.